 Dungeon Crawl Stone Soup version 0.19-a0-1008-g4c63d25 (webtiles) character file.

10227 kae the Fencer (level 11, -3/82 HPs)
             Began as a Minotaur Fighter on July 22, 2016.
             Was a Believer of Uskayaw.
             Killed from afar by an ice dragon (25 damage)
             ... with a blast of cold
             ... on level 3 of the Lair of Beasts.
             The game lasted 00:25:18 (11852 turns).

kae the Fencer (Minotaur Fighter)                  Turns: 11852, Time: 00:25:19

Health: -3/82      AC: 11    Str: 24    XL:     11   Next: 33%
Magic:  5/5        EV:  9    Int:  4    God:    Uskayaw [**....]
Gold:   832        SH:  4    Dex:  9    Spells: 0 memorised, 10 levels left

rFire  . . .     SeeInvis +     N - +6 double sword of Context {antimagic, +Inv rPois rC- Int-3}
rCold  x . .     Gourm    .     s - +0 scale mail
rNeg   + . .     Faith    .     (no shield)
rPois  +         Spirit   .     (helmet restricted)
rElec  .         Dismiss  .     (no cloak)
rCorr  .         Reflect  +     j - +1 pair of gloves {Str+3}
SustAt .         Harm     .     (no boots)
MR     .....                    c - +4 amulet of reflection
Stlth  ..........               p - ring of positive energy
                                m - ring of see invisible

@: not resistant to hostile enchantments, extremely unstealthy
A: retaliatory headbutt, hooves 1, horns 2, yellow scales 1, regeneration 1,
weak 1
a: Stomp, Line Pass, Renounce Religion, Evoke Invisibility


You were on level 3 of the Lair of Beasts.
You worshipped Uskayaw.
Uskayaw was aware of your devotion.
You were not hungry.

You visited 3 branches of the dungeon, and saw 12 of its levels.
You also visited: Labyrinth, Sewer and Ossuary.

You collected 832 gold pieces.

Inventory:

Hand Weapons
 I - a +0 great sword
 N - the +6 double sword of Context (weapon) {antimagic, +Inv rPois rC- Int-3}
   (You found it in a labyrinth)

   It reduces the magical energy of the wielder, and disrupts the spells and
   magical abilities of those hit.
   Natural abilities and divine invocations are not affected.
   It affects your intelligence (-3).
   It makes you vulnerable to cold.
   It protects you from poison.
   It lets you turn invisible.
Armour
 j - a +1 pair of gloves of strength (worn)
 s - a +0 scale mail (worn)
Rods
 M - a +5 rod of clouds (9/9)
   (You found it in a labyrinth)
Jewellery
 c - a +4 amulet of reflection (around neck)
 m - a ring of see invisible (left hand)
 p - a ring of positive energy (right hand)
Wands
 b - a wand of flame (25/48)
 d - a wand of digging (11/24)
 q - a wand of iceblast (7/15)
 t - a wand of polymorph (5/24)
 K - a wand of acid (2/15)
 O - a wand of heal wounds (1/9)
 P - a wand of acid (5/15)
Scrolls
 g - 2 scrolls of remove curse
 h - 6 scrolls of recharging
 r - a scroll of teleportation
 y - a scroll of noise
 B - 3 scrolls of amnesia
 H - 3 scrolls of enchant weapon
Potions
 e - 3 potions of heal wounds
 k - 9 potions of curing
 l - a potion of brilliance {unknown}
 n - 2 potions of might
 v - a potion of ambrosia {unknown}
 w - a potion of invisibility
 x - a potion of agility
 z - a potion of lignification {unknown}
 A - a potion of magic
 C - 3 potions of haste
 E - 3 potions of flight
 F - a potion of berserk rage {unknown}
Books
 a - a book of Transfigurations

   Spells                             Type                      Level
   a - Irradiate                      Conjuration/Transmutation    5
   b - Statue Form                    Transmutation/Earth          6
   c - Hydra Form                     Transmutation                6
   d - Dragon Form                    Transmutation                7
 o - a book of Beasts

   Spells                             Type                      Level
   a - Summon Butterflies             Summoning                    1
   b - Call Canine Familiar           Summoning                    3
   c - Summon Ice Beast               Ice/Summoning                4
   d - Summon Mana Viper              Hexes/Summoning              5
   e - Summon Hydra                   Summoning                    7
 u - an Akashic Record

   Spells                             Type                      Level
   a - Dispersal                      Translocation                6
   b - Malign Gateway                 Summoning/Translocation      7
   c - Disjunction                    Translocation                8
   d - Controlled Blink               Translocation                8
 L - a book of Summonings

   Spells                             Type                      Level
   a - Recall                         Summoning/Translocation      3
   b - Aura of Abjuration             Summoning                    5
   c - Summon Demon                   Summoning                    5
   d - Summon Forest                  Summoning/Translocation      5
   e - Summon Mana Viper              Hexes/Summoning              5
   f - Shadow Creatures               Summoning                    6
 S - a book of Unlife

   Spells                             Type                      Level
   a - Recall                         Summoning/Translocation      3
   b - Animate Dead                   Necromancy                   4
   c - Control Undead                 Necromancy                   4
   d - Cigotuvi's Embrace             Necromancy                   5
   e - Death Channel                  Necromancy                   6
   f - Simulacrum                     Ice/Necromancy               6
Comestibles
 f - 12 bread rations
 D - 7 beef jerkies
 G - 4 meat rations
 Q - 8 fruits


   Skills:
 - Level 3.6 Fighting
 - Level 17.0 Long Blades
 - Level 3.6 Armour
   Level 3.6 Shields
 + Level 9.3 Invocations


You had 10 spell levels left.
You didn't know any spells.

Dungeon Overview and Level Annotations

Branches:
Dungeon (8/15)             Temple (1/1) D:4            Lair (3/6) D:8
 Spider (0/4) Lair:2
  Swamp: Lair:2-4    Shoals: Lair:2-4

Altars:
Ashenzari
Cheibriados
Dithmenos
Elyvilon
Fedhas
Gozag
Hepliaklqana
Kikubaaqudgha
Makhleb
Nemelex Xobeh
Okawaru
Pakellas
Qazlal
Ru
Sif Muna
Trog
Uskayaw
Vehumet
Xom
Yredelemnul
Zin
The Shining One

Annotations:
Lair:1 p0werm0de's ghost, journeyman DsBe
Lair:3 exclusion: ice statue


Innate Abilities, Weirdness & Mutations

You reflexively headbutt those who attack you in melee.
You have a pair of horns on your head.
You have large cloven feet.
You are partially covered in yellow scales. (AC +2)
Your natural rate of healing is unusually fast.
You are weak. (Str -2)


Message History

The ice dragon is severely wounded.
You can now pass through a line of other dancers.
Unknown command.
You slash the ice dragon!
The ice dragon is severely wounded.
The ice dragon barely misses you.
The ice dragon claws you but does no damage.
The ice dragon tramples you!
* * * LOW HITPOINT WARNING * * *
You stumble backwards!
You are too injured to fight recklessly!
You are too injured to fight recklessly!
You are too injured to fight recklessly!
Unknown command.
You are too injured to fight recklessly!
You are too injured to fight recklessly!
Unknown command.
The ice dragon breathes frost at you. The blast of cold hits you!
You feel a terrible chill!
You die...

≈≈≈≈....#........... ........###
≈≈≈≈...P.#.......................
≈≈≈≈.....Y.......................
≈≈≈..................P...........
≈≈≈..................PP..........
≈≈≈≈.............................
≈≈≈≈......h......................
≈≈≈≈.......Y..h................<.
≈≈≈≈..........D.@................
≈.≈.≈≈...........................
...≈.≈...........##..............
≈.≈≈≈≈###.#....####..............
.≈≈≈≈?# ######## #..........###.P
.≈≈≈.⌠# ###.........##### ≈≈≈≈P.#
#.##.........# #######
##(.........## #..........#


You could see an ice dragon, 2 polar bears and 2 ice beasts.

Vanquished Creatures
  A minotaur (Lab)
  Harold (Lair:2)
  2 spiny frogs
  A gargoyle (D:8)
  The ghost of Gruud the Slasher, a novice DsGl of Makhleb (D:5)
  2 komodo dragons
  2 minotaur zombies (Lab)
  A polar bear (Lair:3)
  Grinder (D:6)
  A tarantella (Lair:2)
  A basilisk (Lair:3)
  9 yaks
  A hungry ghost (Lab)
  2 hippogriffs
  Eustachio (D:6)
  2 porcupines
  3 water moccasins (Lair:1)
  A sky beast (D:5)
  An orc warrior (D:6)
  A black bear (D:8)
  An ice beast (Lair:3)
  3 ogres
  3 centaurs
  A crocodile (Lair:1)
  4 big kobolds (Sewer)
  4 giant frogs
  A wyvern zombie (D:6)
  An earth elemental (Lab)
  A water moccasin skeleton (D:4)
  A howler monkey (D:4)
  6 killer bees (D:8)
  4 wights (D:7)
  A centaur zombie (Ossuary)
  5 crimson imps
  A giant frog zombie (D:8)
  A human zombie (Ossuary)
  4 orc priests
  3 hounds
  4 jellies
  A giant frog skeleton (D:8)
  6 iguanas
  4 orc wizards
  3 worker ants
  2 killer bee zombies (D:7)
  A big kobold zombie (Ossuary)
  A hound skeleton (D:5)
  5 mummies (Ossuary)
  A worker ant zombie (D:5)
  A howler monkey skeleton (D:8)
  7 adders
  8 gnolls
  34 river rats
  3 shadow imps
  4 oozes
  An adder zombie (D:6)
  An adder skeleton (D:5)
  2 worms
  3 dart slugs
  3 giant geckos
  25 orcs
  6 ball pythons
  11 giant cockroaches
  6 goblins
  6 hobgoblins
  2 jackals (D:4)
  2 quokkas (D:4)
  A ball python skeleton (D:4)
  5 bats
  A giant gecko skeleton (D:6)
  8 giant newts
  3 gnoll zombies (Ossuary)
  A goblin zombie (Ossuary)
  A jackal zombie (D:5)
  15 kobolds
  An orc zombie (Ossuary)
  A quokka skeleton (D:4)
  A quokka zombie (D:5)
  27 rats
  A rat zombie (D:5)
  A fungus (D:8)
  A plant (D:8)
301 creatures vanquished.

Vanquished Creatures (others)
  An orc wizard (D:6)
  A giant newt (D:6)
  A fungus (Lair:2)
  A plant (Lair:1)
4 creatures vanquished.

Grand Total: 305 creatures vanquished

Notes
Turn   | Place    | Note
-------+----------+-------------------------------------------
     0 | D:1      | kae the Minotaur Fighter began the quest for the Orb.
     0 | D:1      | Reached XP level 1. HP: 19/19 MP: 0/0
    37 | D:1      | Reached skill level 3 in Long Blades
    94 | D:1      | Reached XP level 2. HP: 23/26 MP: 1/1
   648 | D:2      | Reached skill level 4 in Long Blades
   905 | D:2      | Reached XP level 3. HP: 31/31 MP: 2/2
   964 | D:2      | Found an oddly glowing altar of Pakellas.
  1337 | D:3      | Reached skill level 5 in Long Blades
  1340 | D:3      | Reached XP level 4. HP: 6/39 MP: 3/3
  1782 | D:3      | Reached skill level 6 in Long Blades
  1881 | D:3      | Found an iron altar of Okawaru.
  1887 | D:3      | Gained mutation: You are partially covered in yellow scales. (AC +2) [potion of beneficial mutation]
  1888 | D:3      | Gained mutation: Your natural rate of healing is unusually fast. [potion of beneficial mutation]
  1894 | D:3      | Reached XP level 5. HP: 12/45 MP: 4/4
  2528 | D:4      | Reached skill level 7 in Long Blades
  2561 | D:4      | Gained mutation: You have large cloven feet. [potion of mutation]
  2561 | D:4      | Gained mutation: You are weak. (Str -2) [potion of mutation]
  2566 | D:4      | Reached XP level 6. HP: 5/51 MP: 5/5
  2718 | D:4      | Reached skill level 8 in Long Blades
  3060 | D:4      | Found a glowing drain.
  3065 | Sewer    | Entered a sewer
  3153 | Sewer    | Reached skill level 9 in Long Blades
  3179 | Sewer    | Reached XP level 7. HP: 50/57 MP: 6/6
  3301 | Sewer    | Reached skill level 10 in Long Blades
  3935 | D:4      | Found a staircase to the Ecumenical Temple.
  3956 | Temple   | Entered the Ecumenical Temple
  4146 | Temple   | Became a worshipper of Uskayaw the Reveler
  4323 | D:5      | Entered Level 5 of the Dungeon
  4334 | D:5      | Reached * piety under Uskayaw
  4337 | D:5      | Reached ** piety under Uskayaw
  4339 | D:5      | Reached skill level 11 in Long Blades
  4339 | D:5      | Reached XP level 8. HP: 51/64 MP: 7/7
  4625 | D:5      | Found a glowing silver altar of Zin.
  4626 | D:5      | Found a basalt altar of Yredelemnul.
  4660 | D:5      | Noticed Gruud's ghost (novice DsGl)
  4690 | D:5      | Killed Gruud's ghost
  4753 | D:5      | Reached *** piety under Uskayaw
  4759 | D:5      | Reached **** piety under Uskayaw
  5034 | D:5      | Found a sand-covered staircase.
  5043 | D:5      | Reached skill level 12 in Long Blades
  5053 | Ossuary  | Entered an ossuary
  5585 | D:5      | Found a shimmering altar of Xom.
  5854 | D:6      | Found a hazy altar of Hepliaklqana.
  5855 | D:6      | Noticed Grinder
  5870 | D:6      | Killed Grinder
  5870 | D:6      | Reached XP level 9. HP: 65/70 MP: 9/11
  6072 | D:6      | Reached skill level 13 in Long Blades
  6148 | D:6      | Noticed Eustachio
  6178 | D:6      | Killed Eustachio
  6664 | D:7      | Reached skill level 5 in Invocations
  6855 | D:7      | Found a deep blue altar of Sif Muna.
  7122 | D:8      | Reached skill level 14 in Long Blades
  7148 | D:8      | Noticed a gargoyle
  7158 | D:8      | Killed a gargoyle
  7373 | D:8      | Reached XP level 10. HP: 70/77 MP: 13/13
  7494 | D:8      | Found a staircase to the Lair.
  7776 | Lair:1   | Entered Level 1 of the Lair of Beasts
  7900 | Lair:1   | Noticed a spiny frog
  7910 | Lair:1   | Killed a spiny frog
  7910 | Lair:1   | Reached skill level 15 in Long Blades
  8124 | Lair:1   | Noticed p0werm0de's ghost (journeyman DsBe)
  9101 | Lair:2   | Reached skill level 16 in Long Blades
  9148 | Lair:2   | Noticed a spiny frog
  9159 | Lair:2   | Killed a spiny frog
  9348 | Lair:2   | Reached ***** piety under Uskayaw
  9383 | Lair:2   | Found a hole to the Spider Nest.
  9383 | Lair:2   | Found a labyrinth entrance.
  9432 | Lab      | Entered a labyrinth
 11085 | Lab      | Noticed a minotaur
 11090 | Lab      | Killed a minotaur
 11090 | Lab      | Reached XP level 11. HP: 78/82 MP: 16/16
 11094 | Lab      | Got a smoking double sword
 11348 | Lair:2   | Noticed Harold
 11360 | Lair:2   | Killed Harold
 11360 | Lair:2   | Reached skill level 17 in Long Blades
 11461 | Lair:2   | Identified the +6 double sword of Context {antimagic, +Inv rPois rC- Int-3} (You found it in a labyrinth)
 11832 | Lair:3   | Noticed an ice dragon
 11852 | Lair:3   | Killed from afar by an ice dragon

Vault maps used:
D:1:      minmay_arrival_shattered_statue
D:2:      grunt_pakellas_mercury
D:3:      first_bread, minivault_27, okawaru_gym_becter
D:4:      gup_sewer_entry_bowl
D:5:      gammafunk_temple_overflow_statue, enter_ossuary_4, led_xom_imps
D:6:      kennysheep_spiral_hall, basic_altar, lemuel_old_faithful,
          uniq_grinder, uniq_eustachio
D:7:      grunt_ogre_cave, lemuel_blue_sif_altar
D:8:      dpeg_oklobed_lair
Temple:   regret_index_temple_chain_breaker
Lair:2:   spider_nest_entry_rubble, lab_entry_generic, lemuel_fruit_fields,
          uniq_harold
Lair:3:   regret_index_tunnel_blossom, elwin_shoals_entry_stream,
          nicolae_quartered_pool_super, ice2_lemuel
Lab:      labyrinth_hidden_loot, nicolae_lab_hexagon, nicolae_lab_big_swirl
Sewer:    sewer_minmay_treatment
Ossuary:  ossuary_crypta

Skill      XL: |  1  2  3  4  5  6  7  8  9 10 11 |
---------------+----------------------------------+-----
Long Blades    | 3 4 5 6 7 9 11 12 14 16 17 | 17.0
Invocations    | 4 6 8 9 |  9.3
Fighting       | |  3.6
Armour         | |  3.6
Shields        | |  3.6

Action                   |  1- 3 |  4- 6 |  7- 9 | 10-12 || total
-------------------------+-------+-------+-------+-------++-------
Melee: Long sword        |    90 |   192 |   510 |       ||   792
       Headbutt          |    14 |    32 |    97 |    54 ||   197
       Kick              |       |    26 |   136 |    77 ||   239
       Great sword       |       |       |    60 |   256 ||   316
       Double sword      |       |       |       |    40 ||    40
Invok: Stomp             |       |       |     6 |     4 ||    10
Evoke: Wand              |       |       |       |     1 ||     1
  Use: Potion            |     1 |     6 |     1 |     8 ||    16
       Scroll            |       |     5 |     6 |     9 ||    20
 Stab: Paralysed         |       |       |    14 |    23 ||    37
       Invisible         |       |       |       |     7 ||     7
  Eat: Chunk             |     1 |     7 |    14 |     9 ||    31
       Fruit             |       |       |     1 |       ||     1
       Bread ration      |       |       |       |     1 ||     1
       Royal jelly       |       |       |       |     1 ||     1
       Pizza             |       |       |       |     1 ||     1
Armor: Scale mail        |    17 |    74 |   169 |    64 ||   324
Dodge: Dodged            |    28 |    51 |   132 |    77 ||   288
Block: Shield            |    43 |    68 |   186 |       ||   297
       Other             |       |       |       |    28 ||    28
